 Dungeon Crawl Stone Soup version 0.24.1-5-g77f818bfca (webtiles) character file.

Game seed: 2430706777438049769, levelgen mode: deterministic

381 Gildeon the Digger (level 6, -10/32 HPs)
             Began as a Gargoyle Earth Elementalist on Apr 5, 2020.
             Mangled by an ogre
             ... wielding a +0 giant spiked club
              (17 damage)
             ... on level 4 of the Dungeon on Apr 25, 2020.
             The game lasted 00:13:29 (3271 turns).

Gildeon the Digger (Gargoyle Earth Elementalist)    Turns: 3271, Time: 00:13:29

Health: -10/32     AC:  7    Str: 12    XL:     6   Next: 75%
Magic:  12/12      EV: 12    Int: 17    God:
Gold:   114        SH:  0    Dex: 10    Spells: 3/13 levels left

rFire    . . .     SeeInvis .   y - +2 quarterstaff (chaos)
rCold    . . .     Gourm    .   (shield currently unavailable)
rNeg     + . .     Faith    .   c - +0 robe
rPois    ∞         Spirit   .   x - +0 helmet
rElec    +         Reflect  .   i - scarf {repulsion}
rCorr    .         Harm     .   (no gloves)
MR       +....     Rnd*Tele +   (no boots)
Stlth    +++.......             (no amulet)
HPRegen  0.10/turn              n - ring of teleportation (curse)
MPRegen  0.13/turn              u - ring of protection from magic

@: repel missiles
A: negative energy resistance 1, electricity resistance, unbreathing,
petrification resistance, rot immunity, AC +4
a: no special abilities


You were on level 4 of the Dungeon.
You were not hungry.

You visited 1 branch of the dungeon, and saw 4 of its levels.

You collected 114 gold pieces.

Inventory:

Hand Weapons
 y - a +2 quarterstaff of chaos (weapon)
Missiles
 b - 166 stones (quivered)
 r - 2 atropa-tipped darts
 t - 7 poisoned darts
Armour
 c - a +0 robe (worn)
 g - a cursed +0 scale mail
 i - a scarf of repulsion (worn)
 l - a +0 buckler
 x - a +0 helmet (worn)
Jewellery
 n - a cursed ring of teleportation (left hand)
 u - a ring of protection from magic (right hand)
Wands
 a - a wand of digging (4)
Scrolls
 e - a scroll of magic mapping {unknown}
 f - 3 scrolls of identify {unknown}
 j - 3 scrolls of fog {unknown}
 k - 3 scrolls of remove curse {unknown}
 p - 3 scrolls of noise {unknown}
 q - a scroll of teleportation {unknown}
 s - a scroll of amnesia {unknown}
Potions
 h - a potion of heal wounds {unknown}
 m - a potion of degeneration {unknown}
 o - a potion of lignification {unknown}
 v - 3 potions of agility {unknown}
 w - 2 potions of mutation {unknown}
 z - a potion of ambrosia {unknown}
Comestibles
 d - 8 rations
 A - 2 chunks of flesh


   Skills:
 + Level 0.2 Armour
 - Level 1.5 Dodging
 - Level 5.0 Stealth
 + Level 4.0 Spellcasting
 + Level 2.4 Conjurations
 - Level 0.7 Transmutations
 - Level 5.0 Earth Magic


You had 3 spell levels left.
You knew the following spells:

 Your Spells              Type           Power        Failure   Level  Hunger
a - Sandblast             Erth           ###...       1%          1    None
b - Passwall              Tmut/Erth      ##......     8%          2    ##.....
c - Stone Arrow           Conj/Erth      ###...       11%         3    ###....
d - Petrify               Tmut/Erth      ##......     43%         4    ####...

Your spell library contained the following spells:

 Spells                   Type           Power        Failure   Level  Hunger
 Lee's Rapid Deconstruct  Erth           ###.......   47%         5    ######.


Dungeon Overview and Level Annotations

Branches:
Dungeon (4/15)
 Temple: D:4-7

Altars:
Trog


Innate Abilities, Weirdness & Mutations

You are resistant to torment.
Your stone body is resilient. (AC +4)
You are immune to poison.
You resist negative energy. (rN+)
You are resistant to electric shocks. (rElec)
You can survive without breathing.
You are immune to petrification.
You are immune to rotting.


Message History

A jackal is nearby! 2 jackals come into view.
Found 6 gold pieces.
An ogre comes into view. It is wielding a +0 giant spiked club.
There is an open door here.
You closely miss the jackal. The jackal barely misses you.
The jackal misses you.
You sock the jackal!
You kill the jackal!
There is an open door here.
The jackal barks!
You barely miss the ogre.
The ogre hits you with a +0 giant spiked club!!
Ouch! That really hurt!
* * * LOW HITPOINT WARNING * * *
A jackal comes into view.
You hit the ogre but do no damage.
The ogre hits you with a +0 giant spiked club!
Ouch! That really hurt!
You die...

#....###....##...
#................#
#................#
#................+
#................#
#....###################
###'####...............#
#......'...............#
#......#........@......#
#......#........O......#
.......#......h........#
.......#...............#
#......#......####.....+
#......#......# .....#
#......#......# .....#
#......#..$...# .....#
#......#......#


You could see an ogre and a jackal.

Vanquished Creatures
  A phantom (D:4)
  A hound (D:2)
  Crazy Yiuf (D:2)
  An orc priest (D:3)
  An orc wizard (D:3)
  Robin (D:3)
  6 adders
  An ooze (D:1)
  A worm (D:2)
  4 dart slugs
  A leopard gecko (D:2)
  8 orcs (D:3)
  5 bats
  4 giant cockroaches
  17 goblins
  11 hobgoblins
  8 jackals
  A quokka (D:2)
  2 ball pythons
  A frilled lizard (D:2)
  8 kobolds
  A quokka skeleton (D:4)
  8 rats
93 creatures vanquished.

Notes
Turn   | Place    | Note
-------+----------+-------------------------------------------
     0 | D:1      | Gildeon the Gargoyle Earth Elementalist began the quest for
                  | the Orb.
     0 | D:1      | Reached XP level 1. HP: 10/10 MP: 3/3
    64 | D:1      | Reached XP level 2. HP: 2/15 MP: 1/5
   305 | D:1      | Learned a level 2 spell: Passwall
   433 | D:1      | Upgraded the game from 0.24.1 to 0.24.1-5-g77f818bfca
   664 | D:1      | Reached XP level 3. HP: 19/19 MP: 4/6
   669 | D:1      | Learned a level 3 spell: Stone Arrow
  1042 | D:2      | Reached XP level 4. HP: 13/24 MP: 6/8
  1314 | D:2      | Found a bloodstained altar of Trog.
  1389 | D:2      | HP: 1/24 [hobgoblin (2)]
  1718 | D:2      | Found a faded altar of an unknown god.
  1765 | D:2      | Reached XP level 5. HP: 28/28 MP: 9/9
  1774 | D:2      | Learned a level 4 spell: Petrify
  2055 | D:2      | Found a runed translucent door.
  2056 | D:2      | Noticed Crazy Yiuf
  2063 | D:2      | Killed Crazy Yiuf
  2063 | D:2      | Reached skill level 5 in Earth Magic
  2350 | D:3      | Reached skill level 1 in Conjurations
  2411 | D:3      | Noticed Robin
  2422 | D:3      | Killed Robin
  2422 | D:3      | Reached XP level 6. HP: 28/32 MP: 2/11
  3128 | D:4      | Noticed a phantom
  3142 | D:4      | Killed a phantom
  3142 | D:4      | Reached skill level 5 in Stealth
  3271 | D:4      | Mangled by an ogre

Levels and vault maps discovered:
D:1:      dpeg_arrival_rhombus, layout_rooms
D:2:      layout_loops_cross, first_ration, chequers_ecumenical_altar_lobes,
          hangedman_decor_peaks_small, trog_hazing_becter,
          uniq_crazy_yiuf_cottage
D:3:      layout_basic, uniq_robin
D:4:      layout_gridville

Skill      XL: |  1  2  3  4  5  6 |
---------------+-------------------+-----
Earth Magic    | 4 5 |  5.0
Stealth        | 3 4 5 |  5.0
Spellcasting   | 3 4 |  4.0
Conjurations   | 1 2 |  2.4
Armour         | |  0.2
Dodging        | |  1.5
Transmutations | |  0.7

Action                   |  1- 3 |  4- 6 || total
-------------------------+-------+-------++-------
Melee: Dagger            |    29 |    73 ||   102
       Quarterstaff      |       |    71 ||    71
 Cast: Sandblast         |    23 |    45 ||    68
 Stab: Sleeping          |     1 |    11 ||    12
  Eat: Chunk             |     1 |     7 ||     8
Armor: Robe              |     8 |    56 ||    64
Dodge: Dodged            |    20 |   117 ||   137
       Deflected         |       |    18 ||    18
